 Dungeon Crawl Stone Soup version 0.29.1-2-gbd0b4ee654 (webtiles) character file.

Game seed: 8487386006004128932

168 styxcanada the Covert (level 5, -2/26 HPs)
             Began as a Spriggan Brigand on Nov 2, 2022.
             Slain by a gnoll
             ... wielding a +0 flail
              (10 damage)
             ... on level 4 of the Dungeon.
             The game lasted 00:09:35 (2843 turns).

styxcanada the Covert (Spriggan Brigand)            Turns: 2843, Time: 00:09:36

Health: -2/26      AC:  3    Str:  7    XL:     5   Next: 24%
Magic:  6/6        EV: 21    Int: 13    God:
Gold:   185        SH:  0    Dex: 18    Spells: 4/4 levels left

rFire   . . .      SeeInvis +   r - +2 dagger (venom)
rCold   . . .      Faith    .   (no shield)
rNeg    . . .      Spirit   .   b - +0 robe
rPois   .          Reflect  .   (helmet restricted)
rElec   .          Harm     .   c - +0 cloak
rCorr   .          Rampage  .   (gloves unavailable)
Will    .....                   (boots unavailable)
Stlth   ++++......              n - amulet of regeneration
HPRegen 0.88/turn               t - +4 ring of evasion
MPRegen 0.10/turn               (no ring)

@: very quick
A: very small, no large weapons, unfitting armour, see invisible, speed 3
a: no special abilities


You were on level 4 of the Dungeon.
You visited 1 branch of the dungeon, and saw 4 of its levels.

You collected 185 gold pieces.

Inventory:

Hand Weapons
 a - a +3 dagger
 r - a +2 dagger of venom (weapon)
Missiles
 e - 3 curare-tipped darts (quivered)
 k - 22 stones
 l - 20 poisoned darts
Armour
 b - a +0 robe (worn)
 c - a +0 cloak (worn)
Jewellery
 n - an amulet of regeneration (around neck)
 t - a +4 ring of evasion (left hand)
Wands
 i - a wand of roots (9)
Scrolls
 f - a scroll of fear
 m - 2 scrolls of teleportation
 o - a scroll of amnesia
 v - a scroll of blinking
Potions
 d - a potion of haste
 g - a potion of lignification
 h - 2 potions of curing
 j - a potion of cancellation
 p - a potion of brilliance
 s - a potion of invisibility
 u - a potion of mutation {unknown}


   Skills:
 * Level 2.2 Fighting
 + Level 3.0 Short Blades
 + Level 2.2 Throwing
 * Level 2.4 Dodging
 * Level 8.4 Stealth


You had 4 spell levels left.
You didn't know any spells.
Your spell library contained the following spells:

 Spells                   Type           Power      Damage    Failure   Level
 Beastly Appendage        Tmut           0%         N/A       30%         1
 Wereblood                Tmut           0%         N/A       43%         2
 Conjure Flame            Conj/Fire      0%         6-21      67%         3
 Ignite Poison            Fire/Tmut/Pois 0%         N/A       67%         3
 Spider Form              Tmut/Pois      0%         N/A       67%         3
 Sticky Flame             Conj/Fire      0%         2d3       97%         4


Dungeon Overview and Level Annotations

Branches:
Dungeon (4/15)
 Temple: D:4-7

Altars:
Dithmenos
Okawaru
Qazlal
The Shining One


Innate Abilities, Weirdness & Mutations

You are very small and have problems with some larger weapons.
You are too small for most types of armour.
You have supernaturally acute eyesight. (SInv)
You cover ground extremely quickly. (Speed+++)


Message History

There is an open door here.
You now have 185 gold pieces (gained 14).
A hound comes into view.
Found a scroll of fear.
Found a book of Minor Magic.
Found a stormy altar of Qazlal.
An orc comes into view. It is wielding a +0 hand axe.
The helpless hound fails to defend itself.
You stick the hound like a pincushion!!!
You kill the hound!
Your Short Blades skill increases to level 3!
A gnoll comes into view. It is wielding a +0 flail.
The gnoll shouts! 2 gnolls come into view.
Found a scroll of teleportation.
A hound comes into view.
You see here a scroll of fear.
f - a scroll of fear The gnoll hits you with a +0 flail!
The gnoll shouts! x2
You hit the gnoll but do no damage.
You hear a shout!
You hear a bark!
You hit the gnoll.
The gnoll is poisoned.
The gnoll is moderately wounded.
A gnoll comes into view. It is wielding a +0 flail.
The gnoll completely misses you.
You closely miss the gnoll.
The gnoll is moderately wounded.
The gnoll closely misses you.
You hit the gnoll.
The gnoll looks as sick as possible!
The gnoll is moderately wounded.
The gnoll hits you with a +0 flail!
You hit the gnoll.
The gnoll looks as sick as possible!
The gnoll is severely wounded.
The gnoll hits you with a +0 flail.
* * * LOW HITPOINT WARNING * * *
You hit the gnoll.
The gnoll is almost dead.
The gnoll hits you with a +0 flail!
You die...

.≈. .....# ..≈.#.. .....
...≈..... ..... ..........
...g. .......... g...
...._....#####g...
.............g####+#.
.............@......#
....≈...............+ ..
....≈.....###.......# .
#..≈.....# #.......# .....
#..≈.....###.......# ......
##...#.............###......
#...#........####..........#
...P #........# #...........
....P
#.......#####...........


You could see 3 gnolls.

Vanquished Creatures
  A hound (D:4)
  Jessica (D:2)
  4 adders
  A worm (D:3)
  2 dart slugs
  An orc (D:3)
  4 bats
  5 endoplasms
  5 goblins
  4 hobgoblins
  15 jackals
  3 quokkas
  5 ball pythons
  4 frilled lizards
  5 kobolds
  4 rats
64 creatures vanquished.

Notes
Turn   | Place    | Note
-------+----------+-------------------------------------------
     0 | D:1      | styxcanada the Spriggan Brigand began the quest for the
                  | Orb.
     0 | D:1      | Reached XP level 1. HP: 10/10 MP: 2/2
    84 | D:1      | Reached skill level 6 in Stealth
   147 | D:1      | Reached XP level 2. HP: 13/15 MP: 3/3
   260 | D:1      | Found a faded altar of an unknown god.
   601 | D:1      | Reached XP level 3. HP: 17/18 MP: 4/4
   616 | D:1      | Reached skill level 7 in Stealth
   853 | D:2      | Noticed Jessica
   905 | D:2      | Killed Jessica
   906 | D:2      | Reached XP level 4. HP: 18/23 MP: 5/5
  2130 | D:3      | Reached skill level 8 in Stealth
  2158 | D:3      | Found a shadowy altar of Dithmenos.
  2425 | D:3      | Found a glowing golden altar of the Shining One.
  2454 | D:3      | Reached XP level 5. HP: 26/26 MP: 6/6
  2542 | D:3      | Found an iron altar of Okawaru.
  2826 | D:4      | Found a stormy altar of Qazlal.
  2843 | D:4      | Slain by a gnoll

Illustrated notes

Levels and vault maps discovered:
D:1:      lordsloth_arrival_two_stooges, layout_loops_ring,
          chequers_ecumenical_altar_twisty, minmay_stone_trees_medium
D:2:      layout_basic, uniq_jessica
D:3:      layout_rooms, tso_oasis_becter, mainiacjoe_overflow_surrounded_room,
          nicolae_dithmenos_shadow_blocks, minmay_crystal_room
D:4:      layout_basic, mainiacjoe_overflow_boulevard, nicolae_uskayaw_suspiria

Skill      XL: |  1  2  3  4  5 |
---------------+----------------+-----
Stealth        | 6 7 8 |  8.4
Fighting       | 2 |  2.2
Dodging        | 2 |  2.4
Short Blades   | 3 |  3.0
Throwing       | |  2.2

Action                   |  1- 3 |  4- 6 || total
-------------------------+-------+-------++-------
Melee: Dagger            |    80 |    95 ||   175
       Punch             |     1 |     3 ||     4
Throw: Dart              |    12 |       ||    12
  Use: Scroll            |       |    12 ||    12
 Stab: Sleeping          |    11 |     8 ||    19
       Distracted        |     1 |     2 ||     3
Armor: Robe              |     8 |    12 ||    20
Dodge: Dodged            |    46 |    46 ||    92
